 Dungeon Crawl Stone Soup version 0.29.1-2-gbd0b4ee654 (webtiles) character file.

Game seed: 5953898045264291673

18869 Icepheonix32 the Fighter (level 12, 0/116 HPs)
             Began as a Minotaur Fighter on Oct 27, 2022.
             Was a High Priest of Okawaru.
             Slain by an 11-headed hydra (10 damage)
             ... on level 12 of the Dungeon.
             The game lasted 00:19:35 (15628 turns).

Icepheonix32 the Fighter (Minotaur Fighter)        Turns: 15628, Time: 00:19:36

Health: 0/116      AC: 16    Str: 22    XL:     12   Next: 31%
Magic:  16/16      EV: 12    Int:  7    God:    Okawaru [*****.]
Gold:   567        SH:  4    Dex: 12    Spells: 11/11 levels left

rFire   . . .      SeeInvis +   q - +5 lajatang (elec)
rCold   . . .      Faith    .   (shield currently unavailable)
rNeg    . . .      Spirit   .   b - +1 scale mail
rPois   .          Reflect  .   (helmet unavailable)
rElec   .          Harm     .   J - +2 cloak of the Thief {*Fog Slay-2 SInv Stlth+}
rCorr   .          Rampage  .   (no gloves)
Will    .....                   O - +1 pair of boots
Stlth   ++........              (no amulet)
HPRegen 0.29/turn               H - ring of see invisible
MPRegen 0.15/turn               (no ring)

@: no status effects
A: horns 3, retaliatory headbutt, large bone plates 1, shaggy fur 1
a: Renounce Religion, Heroism, Finesse, Duel


You were on level 12 of the Dungeon.
You worshipped Okawaru.
Okawaru was extremely pleased with you.
You visited 2 branches of the dungeon, and saw 13 of its levels.

You collected 828 gold pieces.
You spent 261 gold pieces at shops.

Inventory:

Hand Weapons
 q - a +5 lajatang of electrocution (weapon)
 w - the +5 broad axe of Grontol {vorpal, Fly rElec Stlth+}
   (Okawaru gifted it to you on level 12 of the Dungeon)

   It inflicts extra damage upon your enemies.
   rElec:     It insulates you from electricity.
   Fly:       It grants you flight.
   Stlth:     It makes you more stealthy.
 z - a +2 spectral quarterstaff
 A - a +3 vorpal flail
 K - a +3 dire flail of freezing
 R - the +8 rapier of the Muttering Gnat {pain, rF+ rCorr Stlth+}
   (You found it on level 9 of the Dungeon)

   In the hands of one skilled in necromantic magic, it inflicts extra damage on
   living creatures.
   rF:        It protects you from fire.
   rCorr:     It protects you from acid and corrosion.
   Stlth:     It makes you more stealthy.
Missiles
 c - 3 silver boomerangs
 l - 7 boomerangs (quivered)
 v - 2 throwing nets
 G - 3 atropa-tipped darts
 I - 8 curare-tipped darts
 X - a silver javelin
Armour
 b - a +1 scale mail (worn)
 r - a +2 cloak
 y - a +1 cloak of stealth
 J - the +2 cloak of the Thief (worn) {*Fog Slay-2 SInv Stlth+}
   (You bought it in a shop on level 7 of the Dungeon)

   It may release a thick cloud of smoke when the wearer is hurt.
   Slay:      It affects your accuracy & damage with ranged weapons and melee
   (-2).
   SInv:      It lets you see invisible.
   Stlth:     It makes you more stealthy.
 O - a +1 pair of boots (worn)
 U - a +1 ring mail of fire resistance
 Z - a +2 kite shield
Jewellery
 a - an amulet of regeneration
 H - a ring of see invisible (left hand)
 L - an amulet of magic regeneration
 M - a +4 ring of evasion
 N - a +4 ring of evasion
 S - an amulet of faith
Wands
 i - a wand of polymorph (20)
 j - a wand of acid (12)
 k - a wand of flame (25)
 t - a wand of digging (12)
 D - a wand of iceblast (10)
Scrolls
 f - 4 scrolls of immolation
 n - 4 scrolls of poison
 o - 2 scrolls of identify
 s - a scroll of torment
 u - 4 scrolls of magic mapping
 C - 2 scrolls of silence
 E - a scroll of blinking
 F - 2 scrolls of butterflies
 T - 2 scrolls of enchant weapon
 V - 2 scrolls of brand weapon
 W - a scroll of teleportation
Potions
 d - 8 potions of might
 e - 3 potions of haste
 g - 5 potions of ambrosia
 h - 5 potions of curing
 m - a potion of lignification {unknown}
 p - 5 potions of invisibility
 x - a potion of flight
 B - 3 potions of attraction
 P - a potion of heal wounds
 Q - a potion of mutation
 Y - a potion of berserk rage


   Skills:
 * Level 13.8 Fighting
 - Level 5.7 Short Blades
 - Level 4.1 Axes
 - Level 10.0 Staves
 + Level 2.1 Throwing
 + Level 10.4 Armour
 + Level 6.3 Dodging
 + Level 4.0 Stealth
 + Level 5.1 Shields
 + Level 1.2 Unarmed Combat
 * Level 7.0 Invocations


You had 11 spell levels left.
You didn't know any spells.
Your spell library contained the following spells:

 Spells                   Type           Power      Damage    Failure   Level
 Blink                    Tloc           0%         N/A       83%         2
 Confusing Touch          Hex            0%         N/A       97%         3
 Gell's Gravitas          Tloc           0%         N/A       97%         3
 Lesser Beckoning         Tloc           0%         N/A       97%         3
 Teleport Other           Tloc           0%         N/A       97%         3
 Blade Hands              Tmut           0%         N/A       100%        5
 Irradiate                Conj/Tmut      0%         3d11      100%        5
 Manifold Assault         Tloc           0%         N/A       100%        5
 Yara's Violent Unravell  Hex/Tmut       0%         3d3       100%        5
 Dragon Form              Tmut           0%         N/A       100%        7
 Enfeeble                 Hex            0%         N/A       100%        7


Dungeon Overview and Level Annotations

Branches:
Dungeon (12/15)            Temple (1/1) D:7            Lair (0/5) D:9
    Orc (0/2) D:9

Altars:
Ashenzari
Cheibriados
Dithmenos
Elyvilon
Fedhas
Gozag
Hepliaklqana
Kikubaaqudgha
Makhleb
Nemelex Xobeh
Okawaru
Qazlal
Ru
Sif Muna
Trog
Uskayaw
Vehumet
Wu Jian
Xom
Yredelemnul
Zin
The Shining One

Shops:
D:5 (   D:7 [


Innate Abilities, Weirdness & Mutations

You have a pair of large horns on your head.
You reflexively headbutt those who attack you in melee.
You are partially covered in large bone plates. (SH +4)
You are covered in fur. (AC +1)


Message History

The nine-headed hydra is lightly wounded.
The nine-headed hydra closely misses you.
You furiously retaliate!
You headbutt the nine-headed hydra.
The nine-headed hydra barely misses you. x2
The nine-headed hydra bites you but does no damage.
The nine-headed hydra bites you.
You block the nine-headed hydra's attack.
The nine-headed hydra bites you but does no damage.
The nine-headed hydra bites you!
The nine-headed hydra bites you but does no damage.
The slime creature hits you!
With a swish of your cloak, you release a cloud of fog.
You chop one of the nine-headed hydra's heads off!
The eight-headed hydra grows two more!
You slash the ten-headed hydra!
Lightning courses through the ten-headed hydra!
The ten-headed hydra is heavily wounded.
The ten-headed hydra misses you. The ten-headed hydra bites you.
The ten-headed hydra bites you! The ten-headed hydra bites you.
* * * LOW HITPOINT WARNING * * *
The ten-headed hydra bites you.
* * * LOW HITPOINT WARNING * * *
The ten-headed hydra completely misses you.
The ten-headed hydra bites you but does no damage. x3
The ten-headed hydra closely misses you.
The slime creature hits you but does no damage.
You chop one of the ten-headed hydra's heads off!
The nine-headed hydra grows two more!
You carve the 11-headed hydra like a ham!!!
Your headbutt misses the 11-headed hydra.
The 11-headed hydra is severely wounded.
The 11-headed hydra bites you.
* * * LOW HITPOINT WARNING * * *
The 11-headed hydra bites you but does no damage.
The 11-headed hydra barely misses you. x2; The 11-headed hydra bites you.
* * * LOW HITPOINT WARNING * * *
The 11-headed hydra bites you!
* * * LOW HITPOINT WARNING * * *
The 11-headed hydra closely misses you. The 11-headed hydra barely misses you.
The 11-headed hydra bites you!
You die...

#...##### #...#
#...# #...#
######
######.!.#######
### ......
.................
... ......
........§§§§.....
... ######
#########§§§.....
... #@§###### ##
#DJ# #§§# #######
#..# #### )......
.... .... #######
####. (... . ####
.


You could see a 11-headed hydra and a slime creature.

Vanquished Creatures
  Gastronok (D:9)
  A hydra (D:11)
  A boulder beetle (D:11)
  Erica (D:8)
  3 two-headed ogres
  A cyclops (D:12)
  An ugly thing (D:11)
  A gargoyle (D:7)
  Psyche (D:10)
  2 unseen horror zombies (D:9)
  A kobold demonologist (D:6)
  5 trolls
  2 hornets (D:9)
  4 slime creatures
  The ghost of BiteMe the Firebug, an amateur DsFE (D:6)
  2 shadows (D:9)
  12 yaks
  A vampire (D:12)
  6 wraiths
  A steam dragon (D:8)
  4 vampire mosquitoes (D:12)
  Edmund (D:4)
  A water moccasin (D:7)
  3 orc warriors
  A black bear (D:5)
  2 ice beasts
  8 centaurs
  14 kobold brigands
  5 bullfrogs
  2 gnoll sergeants
  4 necrophages
  4 scorpions
  8 wights
  16 killer bees
  3 howler monkeys (D:10)
  5 centaur zombies (D:9)
  A gnoll bouda (D:10)
  4 hounds
  4 orc priests
  2 jellies (D:6)
  Crazy Yiuf (D:2)
  Jessica (D:3)
  4 iguanas
  Natasha (thrice) (D:4)
  11 orc wizards
  3 howler monkey zombies (D:9)
  25 gnolls
  2 adders
  4 shadow imps
  2 white imps (D:8)
  3 ufetubi
  2 worms (D:2)
  2 dart slugs (D:2)
  27 orcs
  6 ball pythons
  3 bats
  7 endoplasms
  A giant cockroach (D:2)
  3 goblins
  3 hobgoblins
  4 jackals
  3 frilled lizards
  41 kobolds
  2 rats
303 creatures vanquished.

Vanquished Creatures (others)
  A fungus (D:6)
  7 plants
8 creatures vanquished.

Grand Total: 311 creatures vanquished

Notes
Turn   | Place    | Note
-------+----------+-------------------------------------------
     0 | D:1      | Icepheonix32 the Minotaur Fighter began the quest for the
                  | Orb.
     0 | D:1      | Reached XP level 1. HP: 19/19 MP: 0/0
   300 | D:1      | Reached XP level 2. HP: 27/27 MP: 1/1
   578 | D:1      | Found a faded altar of an unknown god.
   582 | D:1      | Reached skill level 4 in Fighting
  1325 | D:2      | Reached XP level 3. HP: 34/34 MP: 2/2
  1859 | D:2      | Found a runed translucent door.
  1860 | D:2      | Noticed Crazy Yiuf
  1903 | D:2      | Killed Crazy Yiuf
  1904 | D:2      | Reached skill level 5 in Fighting
  1904 | D:2      | Reached XP level 4. HP: 42/42 MP: 3/3
  1948 | D:3      | Noticed Jessica
  1954 | D:3      | Killed Jessica
  2741 | D:4      | Reached XP level 5. HP: 42/48 MP: 4/4
  2914 | D:4      | Noticed Natasha
  2924 | D:4      | Killed Natasha
  2925 | D:4      | Reached skill level 6 in Fighting
  3115 | D:4      | Reached XP level 6. HP: 48/57 MP: 5/5
  3184 | D:4      | Noticed Edmund
  3289 | D:4      | Noticed Natasha
  3295 | D:4      | Killed Natasha
  3296 | D:4      | Reached skill level 5 in Armour
  3603 | D:4      | Noticed Natasha
  3627 | D:4      | Killed Natasha
  3979 | D:4      | Reached skill level 7 in Fighting
  4152 | D:4      | Killed Edmund
  4153 | D:4      | Reached skill level 1 in Dodging
  4153 | D:4      | Reached XP level 7. HP: 43/66 MP: 6/6
  4559 | D:5      | Entered Level 5 of the Dungeon
  4933 | D:5      | Reached XP level 8. HP: 62/74 MP: 7/7
  5028 | D:5      | Reached skill level 5 in Staves
  5063 | D:5      | Reached skill level 8 in Fighting
  5091 | D:5      | Found Deranarr's Antique Weapon Emporium.
  5544 | D:6      | Reached skill level 1 in Throwing
  5728 | D:6      | Found a runed translucent gate.
  5729 | D:6      | Found a runed translucent gate.
  5730 | D:6      | Found a runed translucent gate.
  5730 | D:6      | Noticed BiteMe's ghost (amateur DsFE)
  5734 | D:6      | Noticed a kobold demonologist
  6028 | D:6      | Killed a kobold demonologist
  6029 | D:6      | Reached skill level 9 in Fighting
  6029 | D:6      | Reached skill level 1 in Unarmed Combat
  6038 | D:6      | Reached skill level 1 in Stealth
  6038 | D:6      | Reached XP level 9. HP: 56/83 MP: 8/8
  6049 | D:6      | Killed BiteMe's ghost
  6270 | D:7      | Found a staircase to the Ecumenical Temple.
  6329 | Temple   | Entered the Ecumenical Temple
  6693 | Temple   | Became a worshipper of Warmaster Okawaru
  6808 | D:7      | Found Quthrogea's Armour Shoppe.
  6813 | D:7      | Bought the +2 cloak of the Thief {*Fog Slay-2 SInv Stlth+}
                  | for 261 gold pieces
  6813 | D:7      | Found the +2 cloak of the Thief {*Fog Slay-2 SInv Stlth+}
  7023 | D:7      | Reached skill level 10 in Fighting
  7186 | D:7      | Reached skill level 1 in Invocations
  7246 | D:7      | Noticed a troll
  7253 | D:7      | Killed a troll
  7253 | D:7      | Reached * piety under Okawaru
  7258 | D:7      | Noticed a gargoyle
  7263 | D:7      | Reached XP level 10. HP: 49/94 MP: 10/10
  7268 | D:7      | Killed a gargoyle
  7273 | D:7      | Reached ** piety under Okawaru
  7604 | D:7      | Reached skill level 10 in Staves
  8012 | D:8      | Noticed Erica
  8025 | D:8      | Killed Erica
  8249 | D:8      | Reached skill level 11 in Fighting
  8334 | D:8      | Reached *** piety under Okawaru
  8842 | D:8      | Noticed a two-headed ogre
  8847 | D:8      | Killed a two-headed ogre
  8847 | D:8      | Reached **** piety under Okawaru
  8848 | D:8      | Reached skill level 12 in Fighting
  9134 | D:9      | Identified the +8 rapier of the Muttering Gnat {pain, rF+
                  | rCorr Stlth+}
  9144 | D:9      | Found a basalt altar of Yredelemnul.
  9157 | D:9      | Reached skill level 5 in Dodging
  9162 | D:9      | Reached XP level 11. HP: 65/104 MP: 13/13
  9314 | D:9      | Found a staircase to the Orcish Mines.
  9577 | D:9      | Noticed a two-headed ogre
  9807 | D:9      | Found a staircase to the Lair.
  9828 | D:9      | Reached skill level 1 in Short Blades
 10141 | D:9      | Reached skill level 5 in Invocations
 10564 | D:9      | Noticed Gastronok
 10585 | D:9      | Killed Gastronok
 10585 | D:9      | Reached ***** piety under Okawaru
 11462 | D:9      | Found a glowing golden altar of the Shining One.
 11462 | D:9      | Found an ancient bone altar of Kikubaaqudgha.
 11464 | D:9      | Found a blossoming altar of Fedhas.
 11464 | D:9      | Found an ornate altar of the Wu Jian Council.
 11872 | D:10     | Entered Level 10 of the Dungeon
 12069 | D:10     | Noticed a two-headed ogre
 12082 | D:10     | Killed a two-headed ogre
 12082 | D:10     | Received a gift from Okawaru
 12994 | D:10     | Reached skill level 5 in Short Blades
 13281 | D:10     | Noticed Psyche
 13287 | D:10     | Killed Psyche
 13599 | D:11     | Received a gift from Okawaru
 13601 | D:11     | Noticed a four-headed hydra
 13613 | D:11     | Killed a four-headed hydra
 13613 | D:11     | Received a gift from Okawaru
 13614 | D:11     | Reached skill level 13 in Fighting
 14056 | D:11     | Gained mutation: You are covered in fur. (AC +1) [potion of
                  | mutation]
 14056 | D:11     | Gained mutation: You are partially covered in large bone
                  | plates. (SH +4) [potion of mutation]
 14056 | D:11     | Gained mutation: You have a pair of large horns on your
                  | head. [potion of mutation]
 14138 | D:11     | Noticed a purple ugly thing
 14148 | D:11     | Killed a purple ugly thing
 14440 | D:11     | Reached XP level 12. HP: 115/115 MP: 15/15
 14780 | D:11     | Noticed a boulder beetle
 14795 | D:11     | Killed a boulder beetle
 14796 | D:11     | Reached skill level 10 in Armour
 15040 | D:12     | Reached skill level 5 in Shields
 15040 | D:12     | Noticed an eight-headed hydra
 15358 | D:12     | Noticed a two-headed ogre
 15367 | D:12     | Killed a two-headed ogre
 15367 | D:12     | Identified the +5 broad axe of Grontol {vorpal, Fly rElec
                  | Stlth+} (Okawaru gifted it to you on level 12 of the
                  | Dungeon)
 15367 | D:12     | Received a gift from Okawaru
 15628 | D:12     | Slain by an 11-headed hydra

Illustrated notes

Levels and vault maps discovered:
D:1:      minmay_arrival_solitary_statue, layout_basic,
          chequers_ecumenical_altar_simple
D:2:      layout_rooms, uniq_crazy_yiuf_cottage
D:3:      layout_basic, uniq_jessica
D:4:      layout_loops_ring, uniq_natasha, uniq_edmund
D:5:      layout_basic, serial_shops, shop, serial_bayou_lagoon_a
D:6:      layout_rooms, gammafunk_ghost_nasty_kobolds,
          hangedman_abyss_or_decor_passed
D:7:      minmay_slanted_spiral_squares, layout_rooms,
          minmay_temple_entry_sparse_star, serial_shops, shop
D:8:      minmay_skewed_foursquare, layout_gridville, serial_demonic,
          serial_demonic_d, serial_demonic_e, serial_demonic_a,
          serial_demonic_b, uniq_erica
D:9:      layout_roguey, nicolae_yredelemnul_corpse_copse,
          mainiacjoe_overflow_alcove_3, lair_entry_dummy, orc_david_3,
          serial_co_window_serial, co_window_of_opportunity_a,
          co_window_corner_a, co_window_of_opportunity_a, co_window_paths_b,
          co_window_of_opportunity_a, co_window_broadway_a, co_window_2corner,
          co_window_broadway_c, co_window_4corner_a, co_window_4corner_b,
          glass_columns_b, glass_columns_a, uniq_gastronok
D:10:     layout_gridville, uniq_psyche
D:11:     layout_layer_cave, roderic_lattice_a
D:12:     layout_long_grid
Temple:   nicolae_temple_bog_church

Skill      XL: |  1  2  3  4  5  6  7  8  9 10 11 12 |
---------------+-------------------------------------+-----
Shields        | 4 5 |  5.1
Fighting       | 4 5 6 7 9 10 12 13 | 13.8
Axes           | 3 4 |  4.1
Armour         | 4 5 6 7 8 9 10 | 10.4
Staves         | 2 4 7 9 10 | 10.0
Dodging        | 1 2 3 4 5 6 |  6.3
Throwing       | 1 2 |  2.1
Unarmed Combat | 1 |  1.2
Stealth        | 1 2 3 4 |  4.0
Invocations    | 2 4 6 7 |  7.0
Short Blades   | 5 |  5.7

Action                   |  1- 3 |  4- 6 |  7- 9 | 10-12 || total
-------------------------+-------+-------+-------+-------++-------
Melee: War axe           |    58 |    86 |       |       ||   144
       Headbutt          |     7 |    16 |    27 |    92 ||   142
       Quarterstaff      |       |    18 |   150 |   168 ||   336
       Unarmed           |       |     7 |       |       ||     7
       Rapier            |       |       |       |   262 ||   262
       Lajatang          |       |       |       |    95 ||    95
       Punch             |       |       |       |     2 ||     2
Throw: Boomerang         |       |     2 |     7 |       ||     9
       Dart              |       |       |       |     1 ||     1
Evoke: Wand              |       |       |       |     1 ||     1
  Use: Scroll            |       |     3 |    13 |     5 ||    21
       Potion            |       |     1 |     4 |     4 ||     9
 Stab: Distracted        |       |       |     2 |     2 ||     4
       Sleeping          |       |       |       |     8 ||     8
Armor: Scale mail        |    10 |    50 |     2 |   315 ||   377
       Leather armour    |       |       |    50 |       ||    50
Dodge: Dodged            |    29 |    58 |    74 |   363 ||   524
Block: Buckler           |     9 |    12 |       |    37 ||    58
       Other             |       |       |       |    16 ||    16
